 Dungeon Crawl Stone Soup version 0.17.0-28-g6e173f8 (webtiles) character file.

130 homeworkjunkie the Sneak (level 4, -7/23 HPs)
             Began as a Spriggan Assassin on Nov 29, 2015.
             Mangled by a worm (11 damage)
             ... in a sewer.
             The game lasted 00:04:12 (2154 turns).

homeworkjunkie the Sneak (Spriggan Assassin)        Turns: 2154, Time: 00:04:12

Health: -7/23      AC:  4    Str:  7    XL:     4   Next: 89%
Magic:  5/5        EV: 18    Int: 12    God:
Gold:   68         SH:  0    Dex: 18    Spells: 0 memorised, 3 levels left

rFire  . . .     SeeInvis +     a - +2 dagger
rCold  . . .     Clarity  .     c - +0 robe
rNeg   + . .     SustAt   .     (shield restricted)
rPois  .         Gourm    .     (helmet restricted)
rElec  .         Spirit   .     h - +1 cloak
rCorr  .         Warding  +     (gloves unavailable)
rMut   .         Stasis   .     (boots unavailable)
MR     +....                    k - amulet of warding
Stlth  ++++......               (no ring)
                                j - ring of protection from magic

@: lethally poisoned (-7 -> -10), very quick, somewhat resistant to hostile
enchantments, stealthy
A: unfitting armour, see invisible, herbivore 3, speed 3, slow metabolism 2
a: no special abilities


You were in a sewer.
You were not hungry.

You visited 1 branch of the dungeon, and saw 3 of its levels.
You also visited: Sewer.

You collected 68 gold pieces.

Inventory:

Hand Weapons
 a - a +2 dagger (weapon)
 b - a +0 blowgun
 q - a +0 hunting sling
Missiles
 e - 27 poisoned needles
 f - 2 curare-tipped needles
Armour
 c - a +0 robe (worn)
 h - a +1 cloak (worn)
Jewellery
 j - a ring of protection from magic (left hand)
 k - an amulet of warding (around neck)
 n - a cursed -3 ring of evasion {unknown}
Scrolls
 o - a scroll of fog {unknown}
 p - a scroll of random uselessness {unknown}
Potions
 i - a potion of cure mutation
 l - a potion of brilliance {unknown}
 m - 2 potions of heal wounds
Comestibles
 d - 5 fruits
 g - 3 bread rations


   Skills:
 * Level 1.9 Fighting
 * Level 2.7 Short Blades
 * Level 1.6(2.7) Slings
 * Level 2.7(2.9) Throwing
 * Level 2.4 Dodging
 * Level 7.6 Stealth


You had 3 spell levels left.
You didn't know any spells.

Dungeon Overview and Level Annotations

Branches:
Dungeon (3/15)

Altars:


Innate Abilities, Weirdness & Mutations

You are tiny and cannot use many weapons and most armour.
You have supernaturally acute eyesight.
You are a herbivore.
You cover ground extremely quickly.
You need consume almost no food.


Message History

You hit the worm but do no damage.
The worm is lightly wounded.
The adder closely misses you.
You miss the adder.
The adder is moderately wounded.
You feel sick. The adder misses you. The worm barely misses you.
You hit the worm but do no damage. The adder barely misses you.
You closely miss the adder.
The adder is moderately wounded.
The adder barely misses you. The worm bites you!
* * * LOW HITPOINT WARNING * * *
The adder misses you.
You hit the worm.
The worm is lightly wounded.
* * * LOW HITPOINT WARNING * * *
You feel sick. The adder closely misses you.
You barely miss the adder.
The adder is moderately wounded.
The worm bites you!
You die...

##### ##.≈.##
#...≈≈###
#...≈.≈≈ #..w.≈#
#≈S@# ##≈## #≈#
#≈# ##≈##
##...##
..####.∩...#####
.≈≈≈≈≈..∩.≈≈≈≈≈≈
J.####.....##≈##


You could see a worm and an adder.

Vanquished Creatures
  Terence (D:2)
  A river rat (D:3)
  3 adders
  2 worms (D:3)
  8 bats
  4 giant cockroaches
  7 goblins
  4 hobgoblins
  5 jackals (D:1)
  A ball python (D:3)
  3 giant geckos
  2 giant newts (D:1)
  10 kobolds
  5 rats
56 creatures vanquished.

Notes
Turn   | Place    | Note
--------------------------------------------------------------
     0 | D:1      | homeworkjunkie the Spriggan Assassin began the quest for the Orb.
     0 | D:1      | Reached XP level 1. HP: 10/10 MP: 2/2
     9 | D:1      | Reached skill level 6 in Stealth
   111 | D:1      | Reached XP level 2. HP: 9/14 MP: 3/3
   514 | D:2      | Noticed Terence
   544 | D:1      | Reached XP level 3. HP: 7/18 MP: 4/4
  1006 | D:1      | Reached skill level 7 in Stealth
  1625 | D:2      | Killed Terence
  1625 | D:2      | Reached XP level 4. HP: 21/23 MP: 5/5
  1689 | D:2      | Reached skill level 1 in Slings
  1812 | D:2      | HP: 1/23 [poisoned by an adder]
  2108 | D:3      | Found a glowing drain.
  2132 | Sewer    | Entered a sewer
  2154 | Sewer    | Mangled by a worm

Action                   |  1- 3 |  4- 6 || total
-------------------------+-------+-------++-------
Melee: Dagger            |   102 |    74 ||   176
 Fire: Blowgun           |    13 |    16 ||    29
  Use: Scroll            |     3 |       ||     3
       Potion            |     2 |     2 ||     4
 Stab: Sleeping          |    19 |     1 ||    20
       Distracted        |       |     1 ||     1
